 Dungeon Crawl Stone Soup version 0.28.0-49-g6dfe1f597d (webtiles) character file.

Game seed: 6864786665875419148

7471 DildoBatman the Scholar of Death (level 11, -15/79 HPs)
             Began as a Formicid Conjurer on May 19, 2022.
             Was a Follower of Kikubaaqudgha.
             Demolished by an orc warlord
             ... wielding a +0 broad axe
              (30 damage)
             ... on level 9 of the Dungeon.
             The game lasted 00:54:37 (14506 turns).

DildoBatman the Scholar of Death (FoCj)            Turns: 14506, Time: 00:54:37

Health: -15/79     AC:  9    Str: 11    XL:     11   Next: 37%
Magic:  21/21      EV: 12    Int: 33    God:    Kikubaaqudgha [*.....]
Gold:   498        SH:  0    Dex: 13    Spells: 8/24 levels left

rFire   . . .      SeeInvis +   a - +8 long sword (elec)
rCold   . . .      Faith    .   (no shield)
rNeg    + . .      Spirit   .   m - +0 steam dragon scales
rPois   .          Reflect  .   (helmet unavailable)
rElec   .          Harm     .   V - +2 cloak
rCorr   .          Rampage  .   J - +0 pair of gloves
Will    ++...                   i - +2 pair of boots "Eperemn" {rN+ Int+8}
Stlth   ++........              (no amulet)
HPRegen 0.23/turn               h - +6 ring of intelligence
MPRegen 0.17/turn               M - ring of willpower

@: corroded
A: permanent stasis, dig shafts and tunnels, antennae 3, four strong arms
a: Dig, Shaft Self, Renounce Religion, Receive Corpses


You were on level 9 of the Dungeon.
You worshipped Kikubaaqudgha.
Kikubaaqudgha was aware of your devotion.
You visited 2 branches of the dungeon, and saw 10 of its levels.
You also visited: Bailey.

You collected 608 gold pieces.
You spent 110 gold pieces at shops.

Inventory:

Hand Weapons
 a - a +8 long sword of electrocution (weapon)
 b - a +3 short sword of venom
 c - a +0 shortbow
 N - a +0 war axe of flaming
Missiles
 f - 27 boomerangs
 g - 63 arrows
 j - 310 stones
 u - 86 bolts
 G - 16 poisoned darts (quivered)
Armour
 i - the +2 pair of boots "Eperemn" (worn) {rN+ Int+8}
   (You found it on level 9 of the Dungeon)

   Int:       It affects your intelligence (+8).
   rN:        It protects you from negative energy.
 m - +0 steam dragon scales (worn)
 C - an orb of guile
 J - a +0 pair of gloves (worn)
 S - a +1 ring mail of willpower
 V - a +2 cloak (worn)
Magical Staves
 W - a staff of conjuration
Jewellery
 h - a +6 ring of intelligence (left hand)
 M - a ring of willpower (right hand)
 R - a ring of positive energy
Wands
 p - a wand of iceblast (5)
 r - a wand of mindburst (14)
 y - a wand of polymorph (4)
 F - a wand of paralysis (4)
 O - a wand of acid (16)
Scrolls
 k - a scroll of amnesia {unknown}
 q - 2 scrolls of fear
 t - a scroll of immolation
 w - 4 scrolls of fog
 A - 2 scrolls of noise {unknown}
 B - a scroll of summoning
 H - a scroll of torment {unknown}
Potions
 d - a potion of ambrosia {unknown}
 e - 7 potions of curing
 l - 2 potions of attraction {unknown}
 n - 2 potions of lignification {unknown}
 o - a potion of cancellation {unknown}
 s - 3 potions of brilliance
 v - 2 potions of magic {unknown}
 x - a potion of might
 z - 2 potions of mutation {unknown}
 D - 2 potions of flight {unknown}
 E - 3 potions of resistance
 I - 3 potions of haste {unknown}
 K - 2 potions of invisibility
 L - a potion of experience
 P - a potion of berserk rage {unknown}
 Q - 2 potions of heal wounds
 T - a potion of degeneration {unknown}


   Skills:
 - Level 5.0 Fighting
 * Level 3.2 Long Blades
 * Level 5.2 Armour
 * Level 1.9 Dodging
 - Level 2.4 Stealth
 - Level 7.0 Spellcasting
 - Level 6.0 Conjurations
 - Level 9.0 Necromancy
 - Level 6.0 Air Magic
 - Level 6.0 Poison Magic


You had 8 spell levels left.
You knew the following spells:

 Your Spells              Type           Power      Damage    Failure   Level
a - Searing Ray           Conj           100%       2d8       1%          2
b - Agony                 Necr           63%        N/A       2%          5
c - Magic Dart            Conj           100%       1d8       1%          1
d - Vampiric Draining     Necr           63%        2d10      1%          3
e - Mephitic Cloud        Conj/Pois/Air  50%        N/A       1%          3
z - Sublimation of Blood  Necr           63%        N/A       1%          2

Your spell library contained the following spells:

 Spells                   Type           Power      Damage    Failure   Level
 Animate Skeleton         Necr           100%       N/A       1%          1
 Pain                     Necr           100%       1d9       1%          1
 Excruciating Wounds      Necr           31%        N/A       2%          5
 Summon Small Mammal      Summ           44%        N/A       3%          1
 Dazzling Flash           Conj/Hex       62%        N/A       3%          3
 Call Imp                 Summ           11%        N/A       6%          2
 Fulminant Prism          Conj/Hex       15%        3d11      11%         4
 Iskenderun's Mystic Bla  Conj/Tloc      31%        2d8       11%         4
 Call Canine Familiar     Summ           11%        N/A       12%         3
 Summon Guardian Golem    Hex/Summ       11%        N/A       12%         3


Dungeon Overview and Level Annotations

Branches:
Dungeon (9/15)             Temple (1/1) D:6            Lair (0/6) D:8
 Bailey (visited)
    Orc: D:9-12

Altars:
Ashenzari
Cheibriados
Dithmenos
Elyvilon
Fedhas
Gozag
Hepliaklqana
Kikubaaqudgha
Makhleb
Nemelex Xobeh
Okawaru
Qazlal
Ru
Sif Muna
Trog
Uskayaw
Vehumet
Wu Jian
Xom
Yredelemnul
Zin
The Shining One

Shops:
D:4 !


Innate Abilities, Weirdness & Mutations

You cannot be hasted, slowed, berserked, paralysed or teleported.
You can dig through walls and to a lower floor.
You have a pair of large antennae on your head. (SInv)
Your four strong arms can wield two-handed weapons with a shield.


Message History

Anything else - Cancel.
You shout for attention!
Unknown command.
What are your orders? t - Shout!
Orders for allies: a - Attack new target. p - Attack previous target. r - Retreat! s - Stop attacking. g - Guard the area. f - Follow me.
Anything else - Cancel.
You shout for attention!
What are your orders? t - Shout!
Orders for allies: a - Attack new target. p - Attack previous target. r - Retreat! s - Stop attacking. g - Guard the area. f - Follow me.
Anything else - Cancel.
You shout for attention!
The orc warlord hits you with a +0 broad axe!
The orc warlord hits you with a +0 broad axe!
Welcome back to the Dungeon!
There is an empty arch of ancient stone here.
You enter the shallow water.
Moving in this stuff is going to be slow.
The acid dragon roars!
The acid dragon spits acid at you. The splash of acid hits you!
The acid corrodes you!
There is an open door here.
You are no longer corroded.
The acid dragon spits acid at you. The splash of acid hits you!!
The acid corrodes you!
You see here a +0 club.
The orc warlord hits you with a +0 broad axe!
There is an open door, spattered with blood here.
There is a stone staircase leading up here.
The orc warlord loudly shouts encouragement to no one in particular.
The orc warlord hits you with a +0 broad axe!!
You die...
Kikubaaqudgha rasps: "You have failed me!
Welcome... death!"

...[......##.............#
........#..#.............#
.).....<##.#.............#
........##.'.............+
........####.............#
........# #.............#
........# #.............#
>.......# ##'############
........# #...@####
.######## ####.o..# .#
####.###### .# #...<..# .#
############'## .#
#.............# .#
#.<......)....# .#
#..).........^# ##
#.......>.....#


You could see an orc warlord.

Vanquished Creatures
  2 two-headed ogres
  An orc knight (Bailey)
  Maurice (D:9)
  Maggie (D:9)
  Psyche (D:9)
  A kobold demonologist (D:9)
  Sigmund (D:5)
  A basilisk (D:9)
  A wraith (D:9)
  Eustachio (D:6)
  2 water moccasins
  5 black bears
  2 ice beasts
  8 orc warriors
  A sky beast (D:6)
  An ogre (D:4)
  2 centaurs
  2 phantoms
  4 bullfrogs
  2 kobold brigands (D:7)
  Blork the orc (D:6)
  2 scorpions
  A water moccasin skeleton (D:5)
  12 wights
  A howler monkey (D:7)
  A bullfrog zombie (D:7)
  2 jellies (D:5)
  3 hounds
  5 orc priests
  A bullfrog skeleton (D:6)
  3 iguanas (D:5)
  9 orc wizards
  2 killer bee zombies
  A hound skeleton (D:4)
  6 adders
  4 gnolls
  A white imp (D:6)
  An ufetubus (D:4)
  An adder skeleton (D:4)
  2 worms
  2 dart slugs
  21 orcs
  6 ball pythons
  12 bats
  2 endoplasms
  2 giant cockroaches (D:1)
  15 hobgoblins
  2 jackals (D:2)
  3 quokkas
  6 frilled lizards
  13 goblins
  21 kobolds
  6 rats
210 creatures vanquished.

Vanquished Creatures (others)
  28 fungi
  17 plants (D:8)
45 creatures vanquished.

Grand Total: 255 creatures vanquished

Notes
Turn   | Place    | Note
-------+----------+-------------------------------------------
     0 | D:1      | DildoBatman the Formicid Conjurer began the quest for the
                  | Orb.
     0 | D:1      | Reached XP level 1. HP: 13/13 MP: 3/3
   568 | D:1      | Reached XP level 2. HP: 19/19 MP: 1/5
   571 | D:1      | Learned a level 2 spell: Searing Ray
   892 | D:1      | Reached XP level 3. HP: 23/24 MP: 3/6
  1872 | D:2      | Found a faded altar of an unknown god.
  2170 | D:2      | Reached XP level 4. HP: 27/30 MP: 3/7
  2234 | D:2      | Found an iron altar of Okawaru.
  2338 | D:3      | Reached skill level 5 in Conjurations
  2393 | D:3      | Found a hazy altar of Hepliaklqana.
  2450 | D:3      | Learned a level 3 spell: Mephitic Cloud
  2576 | D:3      | Found an opulent altar of Gozag.
  3332 | D:4      | Found Buukhih's Distillery.
  3419 | D:4      | Bought a potion of curing for 30 gold pieces
  3734 | D:4      | Reached skill level 1 in Fighting
  3734 | D:4      | Reached XP level 5. HP: 37/37 MP: 4/8
  3772 | D:4      | Noticed an ogre
  3798 | D:4      | Killed an ogre
  3799 | D:4      | Reached skill level 1 in Armour
  3915 | D:4      | Reached XP level 6. HP: 44/44 MP: 8/10
  4210 | D:4      | Found a white marble altar of Elyvilon.
  4529 | D:5      | Entered Level 5 of the Dungeon
  4611 | D:5      | Reached XP level 7. HP: 49/50 MP: 5/12
  4816 | D:5      | Learned a level 3 spell: Vampiric Draining
  4872 | D:5      | Noticed a two-headed ogre
  4985 | D:5      | Reached skill level 5 in Spellcasting
  5224 | D:5      | Noticed a water moccasin
  5230 | D:5      | Killed a water moccasin
  5485 | D:5      | Reached XP level 8. HP: 56/56 MP: 12/17
  5501 | D:5      | Reached skill level 1 in Poison Magic
  5672 | D:5      | Reached skill level 1 in Air Magic
  6172 | D:6      | Noticed Eustachio
  6652 | D:6      | Noticed Sigmund
  7229 | D:6      | Reached XP level 9. HP: 60/61 MP: 13/19
  7411 | D:6      | Found a large runed translucent door.
  7414 | D:6      | Found a large runed translucent door.
  7565 | D:6      | Noticed Blork the orc
  7628 | D:7      | Reached skill level 5 in Poison Magic
  8772 | D:7      | Reached skill level 5 in Air Magic
  9049 | D:6      | Found a staircase to the Ecumenical Temple.
  9058 | Temple   | Entered the Ecumenical Temple
  9460 | D:6      | Found a burning altar of Makhleb.
  9463 | D:6      | Found a stormy altar of Qazlal.
  9842 | D:7      | Reached skill level 1 in Necromancy
  9902 | D:8      | Reached skill level 2 in Necromancy
 10055 | D:8      | Reached skill level 3 in Necromancy
 10063 | D:8      | Reached XP level 10. HP: 12/63 MP: 3/20
 10523 | D:8      | Reached skill level 4 in Necromancy
 10604 | D:8      | Found a radiant altar of Vehumet.
 10604 | D:8      | Noticed a two-headed ogre
 10892 | D:7      | Killed a two-headed ogre
 10893 | D:7      | Reached skill level 6 in Necromancy
 11024 | D:8      | Found a staircase to the Lair.
 11285 | D:8      | Found a shadowy altar of Dithmenos.
 11296 | D:8      | Found a bloodstained altar of Trog.
 11392 | D:8      | Found a shimmering altar of Xom.
 11408 | D:8      | Found an ancient bone altar of Kikubaaqudgha.
 11474 | D:8      | Became a worshipper of Kikubaaqudgha
 11564 | D:7      | Reached skill level 7 in Necromancy
 11811 | D:6      | Killed Eustachio
 11901 | D:6      | Killed Blork the orc
 12214 | D:5      | Killed Sigmund
 12263 | D:5      | Reached skill level 8 in Necromancy
 12547 | D:5      | Killed a two-headed ogre
 12724 | D:4      | Bought a potion of invisibility for 80 gold pieces
 12823 | D:9      | Noticed Psyche
 12841 | D:9      | Noticed Maurice
 12877 | D:9      | Reached * piety under Kikubaaqudgha
 12877 | D:9      | Received a gift from Kikubaaqudgha
 12878 | D:9      | Reached skill level 9 in Necromancy
 12890 | D:9      | Killed Maurice
 12891 | D:9      | Reached XP level 11. HP: 49/75 MP: 3/21
 12929 | D:9      | Learned a level 2 spell: Sublimation of Blood
 12953 | D:9      | Found a flagged portal.
 13002 | D:9      | Noticed Maggie
 13029 | D:9      | Killed Psyche
 13030 | D:9      | Reached skill level 1 in Long Blades
 13045 | D:9      | Killed Maggie
 13152 | D:9      | Identified the +2 pair of boots "Eperemn" {rN+ Int+8}
 13188 | D:9      | Learned a level 5 spell: Agony
 13324 | Bailey   | Entered a bailey
 13334 | Bailey   | Noticed an orc warlord
 13417 | Bailey   | Noticed an orc knight
 13473 | Bailey   | Killed an orc knight
 13474 | Bailey   | Reached skill level 5 in Fighting
 13474 | Bailey   | Reached skill level 5 in Armour
 13828 | Bailey   | Found a runed translucent gate.
 13830 | Bailey   | Found a runed translucent gate.
 13832 | Bailey   | Found a runed translucent gate.
 14506 | D:9      | Demolished by an orc warlord

Illustrated notes

Levels and vault maps discovered:
D:1:      dpeg_arrival_boxes_within_box, layout_basic
D:2:      layout_loops_ring, shapermc_ecumenical_altar_venn,
          kennysheep_flooded_box
D:3:      layout_basic, lemuel_coloured_pillars_altar, grunt_gozag_statues,
          grunt_ministairs_10, kennysheep_generic_room_10
D:4:      layout_loops_ring, mainiacjoe_overflow_surrounded_room, serial_shops,
          shop_statue, minmay_misc_feat_four_crosses
D:5:      layout_loops_ring, serial_aquarium, aquarium_bridge_long_joined
          [aquarium_subvault_window, aquarium_subvault_wall,
          aquarium_subvault_bridge, aquarium_subvault_window,
          aquarium_subvault_bridge, aquarium_subvault_bridge],
          aquarium_bridge_straight [aquarium_subvault_bridge,
          aquarium_subvault_wall, aquarium_subvault_bridge,
          aquarium_subvault_wall], aquarium_window_2,
          aquarium_window_corridor_2, aquarium_view_2f
D:6:      layout_loops_corners, jmf_multi_god_temple2, minmay_temple_entry_grid,
          uniq_blork_the_orc, uniq_sigmund, uniq_eustachio
D:7:      layout_basic
D:8:      layout_loops_cross, nicolae_overflow_quartered_altars,
          fiery_altar_vehumet, grunt_lair_entry_orc_guard_hut
D:9:      layout_roguey, enter_bailey_5, uniq_maggie, uniq_psyche, uniq_maurice
Temple:   grunt_temple_mini_profane

Skill      XL: |  1  2  3  4  5  6  7  8  9 10 11 |
---------------+----------------------------------+-----
Conjurations   | 4 5 6 |  6.0
Fighting       | 1 2 3 5 |  5.0
Armour         | 1 2 3 5 |  5.2
Spellcasting   | 3 6 7 |  7.0
Poison Magic   | 4 6 |  6.0
Air Magic      | 2 6 |  6.0
Necromancy     | 3 9 |  9.0
Long Blades    | 3 |  3.2
Dodging        | |  1.9
Stealth        | |  2.4

Action                   |  1- 3 |  4- 6 |  7- 9 | 10-12 || total
-------------------------+-------+-------+-------+-------++-------
Melee: Club              |     1 |       |       |       ||     1
       Flail             |     5 |       |       |       ||     5
       Short sword       |       |     3 |    14 |    63 ||    80
       Morningstar       |       |       |     3 |       ||     3
       Long sword        |       |       |       |    70 ||    70
       Punch             |       |       |       |     1 ||     1
Throw: Dart              |       |       |       |    17 ||    17
 Cast: Magic Dart        |    68 |    70 |    86 |    45 ||   269
       Searing Ray       |     1 |     8 |    59 |    23 ||    91
       Mephitic Cloud    |       |       |    14 |    54 ||    68
       Vampiric Draining |       |       |       |     7 ||     7
       Sublimation of Bl |       |       |       |     1 ||     1
 Abil: Dig               |       |     2 |     6 |    11 ||    19
Evoke: Wand              |       |       |       |     1 ||     1
  Use: Scroll            |       |       |     6 |     8 ||    14
 Stab: Sleeping          |     1 |       |       |       ||     1
       Confused          |       |       |     1 |    12 ||    13
Armor: Robe              |     1 |     5 |    27 |    16 ||    49
       Steam dragon scal |       |       |       |    25 ||    25
Dodge: Dodged            |     7 |     5 |    90 |    95 ||   197
